 Dungeon Crawl Stone Soup version 0.29.0-7-g18a832c13a (webtiles) character file.

Game seed: 11715531493472155687

1715 freelancePsychic the Tainter (level 9, -24/74 HPs)
             Began as a Meteoran Hedge Wizard on Aug 30, 2022.
             Was an Initiate of Vehumet.
             Annihilated by a boulder beetle (40 damage)
             ... on level 6 of the Dungeon.
             The game lasted 00:17:49 (3058 turns).

freelancePsychic the Tainter (MeHW)                 Turns: 3058, Time: 00:17:49

Health: -24/74     AC:  6    Str: 11    XL:     9   Next: 48%
Magic:  9/17       EV: 12    Int: 19    God:    Vehumet [......]
Gold:   172        SH:  0    Dex: 16    Spells: 11/18 levels left

rFire   . . .      SeeInvis .   b - staff of poison
rCold   . . .      Faith    .   (no shield)
rNeg    . . .      Spirit   .   m - +3 leather armour {Will+}
rPois   +          Reflect  .   c - +0 hat
rElec   .          Harm     .   (no cloak)
rCorr   .          Rampage  .   (no gloves)
Will    ++...                   (no boots)
Stlth   +.........              (no amulet)
HPRegen 0.22/turn               (no ring)
MPRegen 0.15/turn               (no ring)

@: very slightly contaminated, glowing
A: sense surroundings 2, otherworldly, glowing, explore regen
a: Renounce Religion


You were on level 6 of the Dungeon.
You worshipped Vehumet.
Vehumet was noncommittal.
You visited 1 branch of the dungeon, and saw 6 of its levels.
You also visited: Sewer and Ossuary.

You collected 172 gold pieces.

Inventory:

Hand Weapons
 a - a +4 dagger
Missiles
 z - a throwing net
Armour
 c - a +0 hat (worn)
 i - a +0 robe
 m - a +3 leather armour of willpower (worn)
 p - a +0 buckler
Magical Staves
 b - a staff of poison (weapon)
 k - a staff of death
Wands
 j - a wand of quicksilver (2)
Scrolls
 e - a scroll of amnesia
 g - a scroll of enchant armour
 q - a scroll of immolation
 r - 4 scrolls of teleportation {@r4}
 u - a scroll of enchant weapon {unknown}
 x - a scroll of magic mapping
 C - a scroll of blinking {unknown}
Potions
 d - a potion of magic
 f - 4 potions of attraction
 h - a potion of invisibility
 l - a potion of degeneration {unknown}
 n - 2 potions of might
 o - a potion of resistance
 t - 2 potions of mutation
 w - a potion of ambrosia
 A - a potion of cancellation
 B - 4 potions of flight


   Skills:
 + Level 5.3 Fighting
 - Level 2.4 Dodging
 - Level 1.4 Stealth
 - Level 5.0 Spellcasting
 + Level 3.2 Conjurations
 - Level 1.2 Summonings
 - Level 1.2 Translocations
 - Level 4.6 Transmutations
 - Level 4.6 Fire Magic
 + Level 2.8 Air Magic
 - Level 8.1 Poison Magic


You had 11 spell levels left.
You knew the following spells:

 Your Spells              Type           Power      Damage    Failure   Level
a - Magic Dart            Conj           64%        1d6       4%          1
b - Mephitic Cloud        Conj/Pois/Air  34%        N/A       7%          3
c - Ignite Poison         Fire/Tmut/Pois 40%        N/A       4%          3

Your spell library contained the following spells:

 Spells                   Type           Power      Damage    Failure   Level
 Summon Small Mammal      Summ           36%        N/A       10%         1
 Conjure Flame            Conj/Fire      19%        6-21      10%         3
 Slow                     Hex            16%        N/A       16%         1
 Blink                    Tloc           18%        N/A       16%         2
 Call Imp                 Summ           9%         N/A       16%         2
 Call Canine Familiar     Summ           9%         N/A       30%         3
 Gell's Gravitas          Tloc           9%         N/A       30%         3
 Lesser Beckoning         Tloc           9%         N/A       30%         3
 Teleport Other           Tloc           9%         N/A       30%         3
 Sticky Flame             Conj/Fire      19%        2d4       32%         4
 Summon Guardian Golem    Hex/Summ       7%         N/A       36%         3
 Summon Ice Beast         Ice/Summ       7%         N/A       77%         4
 Summon Mana Viper        Hex/Summ       7%         N/A       98%         5
 Monstrous Menagerie      Summ           4%         N/A       100%        7


Dungeon Overview and Level Annotations

Branches:
Dungeon (6/15) Zot: 1047    Sewer (visited)         Ossuary (visited)
 Temple: D:4-7

Altars:
Dithmenos
Fedhas
Qazlal
Ru
Vehumet
Yredelemnul

Shops:
D:5 (

Annotations:
D:3 Grinder


Innate Abilities, Weirdness & Mutations

You passively map the area around you.
You are easily found by Zot.
You glow in the dark.
You regain HP and MP as you explore.


Message History

You hear the tinkle of a tiny bell.
The boulder beetle seems less confused.
The boulder beetle misses you.
You swap places.
The boulder beetle curls into a ball and begins rolling!
There is a fountain of sparkling water here.
You swap places.
The boulder beetle hits your butterfly.
Your butterfly dies!
Your butterfly disappears in a burst of colours!
The boulder beetle stops rolling and uncurls.
The boulder beetle closely misses your butterfly.
The boulder beetle bites your butterfly!!
Your butterfly dies!
Your butterfly disappears in a burst of colours!
The boulder beetle curls into a ball and begins rolling!
The boulder beetle barely misses your butterfly.
The boulder beetle stops rolling and uncurls.
The boulder beetle bites your butterfly!
Your butterfly dies!
Your butterfly disappears in a burst of colours!
Casting: Ignite Poison (dangerous; 4% risk of failure)
Confirm with . or Enter, or press ? or * to list all spells.
Aiming: Mephitic Cloud (dangerous; 7% risk of failure)
Press: ? - help, Shift-Dir - straight line, f - butterfly, p - boulder beetle
Aim: a butterfly (summoned, friendly, chance to affect: 96%)
Okay, then.
A sky beast comes into view.
The boulder beetle curls into a ball and begins rolling!
The sky beast moves out of view.
You swap places.
A sky beast appears from thin air!
Casting: Mephitic Cloud (dangerous; 7% risk of failure)
Confirm with . or Enter, or press ? or * to list all spells.
Aiming: Mephitic Cloud (dangerous; 7% risk of failure)
Press: ? - help, Shift-Dir - straight line, f/p - boulder beetle
Aim: a boulder beetle (heavily wounded, rolling, ally target, chance to affect: 43%)
You feel a surge of power!
You miscast Mephitic Cloud.
You are very lightly contaminated with residual magic.
Nothing appears to happen.
The boulder beetle hits you!!!
Ouch! That really hurt!
You die...

, , , , #..#......#..# +
* , ........[§...<..# ,
., , ... #...#Y......# *
.., ,,,* ...
#...#..##...# * ..., ,
#.# #...........# ..○.
#.#* ###.##..#..# , ..B○
#.# ##.....##..#
#.#..####.####..b...##.##
,
#........⌠..°bB@b..###..
, ##...####.####....##
#.* *, *#.. * #.#.###..##
*.# * , , #. * ,
#.##.###.# * , , * # ,,
##.###....# * *
##...##...##
,.#.....#..##
#.........## #####..####


You could see a boulder beetle (rolling, ally target) and a sky beast.

Vanquished Creatures
  Sigmund (D:3)
  A wraith (Ossuary)
  Eustachio (D:4)
  Menkaure (D:5)
  Edmund (D:5)
  A water moccasin (Sewer)
  Blork the orc (D:5)
  2 gnoll sergeants (D:5)
  A scorpion (D:5)
  A wight (D:5)
  2 howler monkeys (D:5)
  A hound (D:5)
  A jelly (D:5)
  2 gnoll boudas
  Jessica (D:3)
  Ijyb (D:5)
  2 orc wizards (D:5)
  3 mummies (Ossuary)
  17 gnolls
  5 adders
  2 white imps
  A worm (D:5)
  A dart slug (D:3)
  5 orcs
  5 endoplasms
  5 giant cockroaches
  4 goblins (D:1)
  5 hobgoblins
  9 jackals
  9 kobolds
  2 quokkas (D:5)
  6 ball pythons
  3 bats (D:3)
  4 hobgoblin zombies (Ossuary)
  3 kobold zombies (Ossuary)
  7 rats
117 creatures vanquished.

Notes
Turn   | Place    | Note
-------+----------+-------------------------------------------
     0 | D:1      | freelancePsychic the Meteoran Hedge Wizard began the quest
                  | for the Orb.
     0 | D:1      | Reached XP level 1. HP: 14/14 MP: 6/6
    47 | D:1      | Reached skill level 1 in Fighting
   178 | D:1      | Reached XP level 2. HP: 23/23 MP: 5/8
   351 | D:1      | Reached skill level 1 in Poison Magic
   450 | D:2      | Reached XP level 3. HP: 6/28 MP: 0/9
   480 | D:2      | Reached skill level 1 in Air Magic
   588 | D:2      | Learned a level 3 spell: Mephitic Cloud
   596 | D:2      | Reached skill level 2 in Poison Magic
   596 | D:2      | Reached XP level 4. HP: 22/36 MP: 0/11
   811 | D:3      | Noticed Grinder
   853 | D:3      | Found a stormy altar of Qazlal.
   927 | D:3      | Noticed Jessica
   942 | D:3      | Killed Jessica
   943 | D:3      | Reached XP level 5. HP: 29/41 MP: 7/12
  1168 | D:3      | Noticed Sigmund
  1174 | D:3      | Killed Sigmund
  1175 | D:3      | Reached skill level 4 in Poison Magic
  1175 | D:3      | Reached XP level 6. HP: 49/50 MP: 13/13
  1195 | D:3      | Learned a level 3 spell: Ignite Poison
  1269 | D:3      | Found a faded altar of an unknown god.
  1293 | D:4      | Found a sand-covered staircase.
  1293 | D:4      | Noticed Eustachio
  1318 | D:4      | Killed Eustachio
  1319 | D:4      | Reached skill level 1 in Transmutations
  1319 | D:4      | Reached skill level 1 in Fire Magic
  1319 | D:4      | Reached XP level 7. HP: 40/57 MP: 1/14
  1334 | Ossuary  | Entered an ossuary
  1334 | Ossuary  | Noticed a wraith
  1334 | Ossuary  | Noticed a wraith
  1334 | Ossuary  | Noticed a wraith
  1391 | Ossuary  | Noticed a wraith
  1398 | Ossuary  | Killed a wraith
  1399 | Ossuary  | Reached skill level 5 in Poison Magic
  1769 | D:4      | Found a blossoming altar of Fedhas.
  1787 | D:4      | Identified the +1 leather armour of Wisdom {rElec rC+ Int+2
                  | Dex+5}
  1789 | D:4      | Reached XP level 8. HP: 64/64 MP: 4/15
  1836 | D:4      | Found a shadowy altar of Dithmenos.
  2014 | D:5      | Entered Level 5 of the Dungeon
  2014 | D:5      | Noticed Blork the orc
  2021 | D:5      | Killed Blork the orc
  2029 | D:5      | Noticed Ijyb
  2035 | D:5      | Killed Ijyb
  2052 | D:5      | Reached skill level 6 in Poison Magic
  2058 | D:5      | Reached skill level 5 in Spellcasting
  2085 | D:5      | Noticed Edmund
  2097 | D:5      | Killed Edmund
  2127 | D:5      | Found Astil's Weapon Shoppe.
  2178 | D:5      | Reached skill level 7 in Poison Magic
  2178 | D:5      | Gained mutation: You passively map the area around you.
                  | [Meteoran growth]
  2178 | D:5      | Reached XP level 9. HP: 58/72 MP: 0/17
  2257 | D:5      | Found a basalt altar of Yredelemnul.
  2294 | D:5      | Noticed Menkaure
  2351 | D:5      | Killed Menkaure
  2389 | D:5      | Found a sacrificial altar of Ru.
  2411 | D:5      | Found a radiant altar of Vehumet.
  2425 | D:5      | Became a worshipper of Vehumet
  2524 | D:5      | Found a glowing drain.
  2528 | Sewer    | Entered a sewer
  2567 | Sewer    | Reached skill level 5 in Fighting
  2856 | D:5      | Reached skill level 8 in Poison Magic
  3031 | D:6      | Noticed a boulder beetle
  3058 | D:6      | Annihilated by a boulder beetle

Illustrated notes

Levels and vault maps discovered:
D:1:      dpeg_arrival_ratfight, layout_loops_ring, st_stairs_3
D:2:      layout_basic, basic_altar, grunt_decor_junction
D:3:      layout_basic, mainiacjoe_overflow_cross_hatched,
          chequers_ecumenical_altar_grove, uniq_jessica, uniq_sigmund,
          uniq_grinder
D:4:      layout_basic, nicolae_dithmenos_shadow_blocks,
          mainiacjoe_overflow_small_starburst,
          lightli_ossuary_entry_decrepit_ruins, uniq_eustachio
D:5:      layout_cave_pools, nicolae_vehumet_altar_sigil,
          general_overflow_altar, nicolae_ru_the_path_less_chosen,
          serial_gnoll_camp, gnoll_camp_mini_house, gnoll_camp_mini_shop,
          gnoll_camp_medium_01, gnoll_camp_mini_sergeant,
          gup_sewer_entry_spiral, minmay_increasing_density, uniq_menkaure,
          uniq_ijyb, uniq_blork_the_orc, uniq_edmund
D:6:      minmay_opposing_rooms, layout_cave_pools, lemuel_round_altar,
          kb_rosetta, uniq_maggie, uniq_crazy_yiuf_cottage, uniq_duvessa

Skill      XL: |  1  2  3  4  5  6  7  8  9 |
---------------+----------------------------+-----
Fighting       | 1 2 3 4 5 |  5.3
Poison Magic   | 1 2 4 5 7 8 |  8.1
Air Magic      | 1 2 |  2.8
Conjurations   | 2 3 |  3.2
Transmutations | 1 2 3 4 |  4.6
Fire Magic     | 1 2 3 4 |  4.6
Spellcasting   | 5 |  5.0
Dodging        | |  2.4
Stealth        | |  1.4
Summonings     | |  1.2
Translocations | |  1.2

Action                   |  1- 3 |  4- 6 |  7- 9 || total
-------------------------+-------+-------+-------++-------
Melee: Dagger            |    39 |    57 |   156 ||   252
       Staff             |    10 |     8 |    14 ||    32
       Punch             |       |     2 |     4 ||     6
 Cast: Magic Dart        |    44 |    43 |    30 ||   117
       Mephitic Cloud    |       |     6 |    42 ||    48
       Ignite Poison     |       |     1 |    23 ||    24
Evoke: Wand              |       |     3 |     2 ||     5
  Use: Scroll            |     3 |     2 |    16 ||    21
       Potion            |     1 |     2 |     4 ||     7
 Stab: Confused          |       |     4 |    13 ||    17
Armor: Robe              |    13 |    20 |       ||    33
       Leather armour    |       |       |    81 ||    81
Dodge: Dodged            |    33 |    34 |    89 ||   156
